 Dungeon Crawl Stone Soup version 0.21-a0-71-g5e5ddd2 (webtiles) character file.

2688 grindst0ne the Cleaver (level 9, -6/68 HPs)
             Began as a Formicid Fighter on June 19, 2017.
             Was an Initiate of Okawaru.
             Killed by divine providence
             ... invoked by an orc priest
              (12 damage)
             ... on level 7 of the Dungeon.
             The game lasted 00:11:54 (7822 turns).

grindst0ne the Cleaver (Formicid Fighter)           Turns: 7822, Time: 00:11:54

Health: -6/68      AC: 12    Str: 29    XL:     9   Next: 96%
Magic:  9/9        EV: 13    Int:  7    God:    Okawaru [......]
Gold:   356        SH: 12    Dex: 16    Spells: 8/8 levels left

rFire    + . .     SeeInvis +   a - +0 war axe
rCold    + . .     Gourm    .   c - +0 shield
rNeg     . . .     Faith    .   B - +0 chain mail
rPois    +         Spirit   .   (helmet unavailable)
rElec    +         Reflect  .   p - +0 cloak
rCorr    +         Harm     .   (no gloves)
MR       +....                  (no boots)
Stlth    ..........             (no amulet)
HPRegen  0.21/turn              q - ring of protection from magic
MPRegen  0.11/turn              L - ring of stealth

@: mighty, agile, lethally poisoned (-6 -> -21), resistant
A: permanent stasis, dig shafts and tunnels, four strong arms, antennae 3,
clumsy 1, strong 1
a: Dig, Shaft Self, Renounce Religion


You were on level 7 of the Dungeon.
You worshipped Okawaru.
Okawaru was noncommittal.
You were not hungry.

You visited 2 branches of the dungeon, and saw 8 of its levels.

You collected 356 gold pieces.

Inventory:

Hand Weapons
 a - a +0 war axe (weapon)
Armour
 c - a +0 shield (worn)
 m - +0 fire dragon scales
 p - a +0 cloak (worn)
 B - a +0 chain mail (worn)
Jewellery
 q - a ring of protection from magic (left hand)
 C - an uncursed amulet of magic regeneration
 E - a +2 ring of strength {unknown}
 L - a ring of stealth (right hand)
Wands
 F - a wand of lightning (7/15)
Scrolls
 e - 5 scrolls of remove curse {unknown}
 j - a scroll of fog {unknown}
 k - 6 scrolls of identify {unknown}
 r - 2 scrolls of fear {unknown}
 s - a scroll of enchant weapon {unknown}
 u - 8 scrolls of teleportation {unknown}
 w - a scroll of enchant armour {unknown}
 x - 3 scrolls of immolation {unknown}
 y - a scroll of magic mapping {unknown}
 G - 2 scrolls of amnesia {unknown}
 H - a scroll of recharging {unknown}
 I - 2 scrolls of blinking {unknown}
Potions
 d - 2 potions of might
 g - a potion of invisibility
 n - a potion of agility
 o - 2 potions of brilliance
Books
 D - a book of Necromancy

   Spells                             Type                      Level
   a - Pain                           Necromancy                   1
   b - Animate Skeleton               Necromancy                   1
   c - Vampiric Draining              Necromancy                   3
   d - Regeneration                   Charms/Necromancy            3
   e - Animate Dead                   Necromancy                   4
   f - Control Undead                 Necromancy                   4
 K - a book of Changes

   Spells                             Type                      Level
   a - Beastly Appendage              Transmutation                1
   b - Sticks to Snakes               Transmutation                2
   c - Spider Form                    Transmutation/Poison         3
   d - Ice Form                       Ice/Transmutation            4
   e - Blade Hands                    Transmutation                5
Comestibles
 b - 5 chunks of flesh
 f - 6 bread rations
 h - 4 royal jellies
 i - 6 fruits
 v - a meat ration


   Skills:
 - Level 5.2 Fighting
 + Level 8.8 Axes
 + Level 8.7 Armour
 - Level 7.0 Shields


You had 8 spell levels left.
You didn't know any spells.

Dungeon Overview and Level Annotations

Branches:
Dungeon (7/15)             Temple (1/1) D:6

Altars:
Ashenzari
Cheibriados
Dithmenos
Elyvilon
Fedhas
Gozag
Hepliaklqana
Kikubaaqudgha
Makhleb
Nemelex Xobeh
Okawaru
Qazlal
Ru
Sif Muna
Trog
Uskayaw
Vehumet
Wu Jian
Xom
Yredelemnul
Zin
The Shining One


Innate Abilities, Weirdness & Mutations

You cannot be hasted, slowed, berserked, paralysed or teleported.
You can dig through walls and to a lower floor.
Your four strong arms can wield two-handed weapons with a shield.
You have a pair of large antennae on your head. (SInv)
You are clumsy. (Dex -2)
Your muscles are strong. (Str +2)


Message History

You feel very mighty all of a sudden.
You feel sick.
The orc wizard hits you but does no damage.
You are lethally poisoned!
The orc wizard hits you but does no damage.
You are more poisoned.
You feel protected.
* * * LOW HITPOINT WARNING * * *
You feel sick.
The orc wizard gestures at you while chanting.
The puff of frost misses you.
You hit the orc wizard.
The orc wizard is severely wounded.
* * * LOW HITPOINT WARNING * * *
You feel sick.
The orc wizard gestures at you while chanting.
The puff of flame misses you.
The orc priest mumbles some strange prayers to Beogh against you.
Beogh smites you!
You die...

###### # ...(.. ..# ##
######## #...############....
........ ....................
######## #.....Yo.oo)# ###
######o####........ ..# #o#
#####?... #.## # ##@# ..
#..####... #..# ..........
##..## ##..###... #[...# ##.#
. #.##.## #.###.# #.##..#
#...#.######.###.#########
##.................##.....#
##รท...#######..###......<..#


You could see an ice beast, 2 orc priests and an orc wizard (invisible).

Vanquished Creatures
  Prince Ribbit (D:6)
  Grinder (D:6)
  Sigmund (D:4)
  2 sky beasts
  2 ice beasts
  A black bear (D:6)
  A phantom (D:7)
  A centaur (D:6)
  An ogre (D:6)
  2 bullfrogs (D:7)
  2 scorpions (D:5)
  5 killer bees (D:7)
  2 howler monkeys
  A quasit (D:4)
  An orc priest (D:6)
  2 hounds (D:4)
  A jelly (D:6)
  2 bullfrog skeletons (D:6)
  Jessica (D:3)
  A centaur skeleton (D:5)
  2 iguanas
  Natasha (thrice) (D:3)
  An orc wizard (D:5)
  Terence (D:2)
  6 worker ants
  A hound zombie (D:5)
  A hound skeleton (D:7)
  Robin (D:3)
  A howler monkey zombie (D:6)
  A howler monkey skeleton (D:4)
  11 adders
  3 gnolls (D:7)
  2 shadow imps
  An ooze (D:1)
  2 worms
  3 dart slugs
  2 leopard geckos
  18 orcs
  16 giant cockroaches
  12 goblins
  18 hobgoblins
  15 jackals
  6 kobolds
  4 quokkas
  2 bats
  2 frilled lizards
  4 rats
170 creatures vanquished.

Notes
Turn   | Place    | Note
-------+----------+-------------------------------------------
     0 | D:1      | grindst0ne the Formicid Fighter began the quest for the Orb.
     0 | D:1      | Reached XP level 1. HP: 18/18 MP: 1/1
   192 | D:1      | Reached XP level 2. HP: 24/24 MP: 2/2
   481 | D:1      | Reached XP level 3. HP: 29/29 MP: 3/3
  1100 | D:2      | Reached XP level 4. HP: 33/37 MP: 4/4
  1640 | D:2      | Noticed Terence
  1646 | D:2      | Killed Terence
  1646 | D:2      | Reached skill level 5 in Shields
  1929 | D:3      | Noticed Jessica
  1930 | D:3      | Reached XP level 5. HP: 42/42 MP: 5/5
  1941 | D:3      | Killed Jessica
  1996 | D:3      | Noticed Robin
  2016 | D:3      | Killed Robin
  2371 | D:3      | Noticed Natasha
  2378 | D:3      | Killed Natasha
  2378 | D:3      | Reached XP level 6. HP: 38/48 MP: 6/6
  2402 | D:3      | Noticed a sky beast
  2417 | D:3      | Killed a sky beast
  2423 | D:3      | Gained mutation: You are weak. (Str -2) [mutagenic meat]
  2920 | D:3      | Noticed Natasha
  2926 | D:3      | Killed Natasha
  3089 | D:3      | Noticed Natasha
  3096 | D:3      | Killed Natasha
  3096 | D:3      | Reached XP level 7. HP: 30/55 MP: 7/7
  3533 | D:4      | Reached skill level 5 in Fighting
  4100 | D:4      | Noticed Sigmund
  4110 | D:4      | Killed Sigmund
  4110 | D:4      | Reached skill level 5 in Axes
  4110 | D:4      | Reached XP level 8. HP: 51/62 MP: 8/8
  4532 | D:5      | Entered Level 5 of the Dungeon
  4576 | D:5      | Found an ancient bone altar of Kikubaaqudgha.
  4580 | D:5      | Found an ornate altar of the Wu Jian Council.
  4612 | D:5      | Reached skill level 5 in Armour
  5337 | D:5      | Found a sparkling altar of Nemelex Xobeh.
  5337 | D:5      | Found a faded altar of an unknown god.
  5342 | D:5      | Found an opulent altar of Gozag.
  5344 | D:5      | Found a glowing silver altar of Zin.
  5345 | D:5      | Found a blossoming altar of Fedhas.
  5956 | D:6      | Found a bloodstained altar of Trog.
  5988 | D:6      | Reached XP level 9. HP: 31/68 MP: 9/9
  6338 | D:6      | Noticed Grinder
  6345 | D:6      | Killed Grinder
  6355 | D:6      | Noticed Prince Ribbit
  6366 | D:6      | Killed Prince Ribbit
  6674 | D:6      | Found a shimmering altar of Xom.
  6705 | D:6      | Found a staircase to the Ecumenical Temple.
  6746 | Temple   | Entered the Ecumenical Temple
  6799 | Temple   | Became a worshipper of Warmaster Okawaru
  7203 | D:7      | Lost mutation: You are weak. (Str -2) [potion of mutation]
  7203 | D:7      | Gained mutation: You are clumsy. (Dex -2) [potion of mutation]
  7203 | D:7      | Gained mutation: Your muscles are strong. (Str +2) [potion of mutation]
  7662 | D:7      | Found a shattered altar of Ashenzari.
  7822 | D:7      | Killed from afar by an orc priest

Vault maps used:
D:1:      dpeg_arrival_fog
D:2:      minmay_misc_feat_enclosed, uniq_terence
D:3:      minmay_roachtagon, roderic_bipointed_swastika, uniq_natasha,
          uniq_robin, uniq_jessica
D:4:      cheibrodos_greedy_goblins, first_bread, uniq_sigmund
D:5:      chequers_temple_overflow_minitemple,
          chequers_temple_overflow_statue_of_worship
D:6:      lemuel_doored_altar, kennysheep_little_box, temple_statues,
          corner_web_ring, minmay_door_square, uniq_grinder, uniq_prince_ribbit1
D:7:      ashenzari_altar_1
Temple:   cyrus_circular_temple

Skill      XL: |  1  2  3  4  5  6  7  8  9 |
---------------+----------------------------+-----
Shields        | 4 5 6 7 |  7.0
Fighting       | 4 5 |  5.2
Axes           | 3 5 6 8 |  8.8
Armour         | 4 6 8 |  8.7

Action                   |  1- 3 |  4- 6 |  7- 9 || total
-------------------------+-------+-------+-------++-------
Melee: War axe           |    88 |   133 |   431 ||   652
 Abil: Dig               |       |       |     1 ||     1
  Use: Potion            |       |       |    14 ||    14
 Stab: Invisible         |       |       |     2 ||     2
  Eat: Chunk             |     1 |     8 |    16 ||    25
Armor: Scale mail        |    43 |    51 |       ||    94
       Chain mail        |       |       |   215 ||   215
       Skin              |       |       |    15 ||    15
Dodge: Dodged            |    19 |    43 |   126 ||   188
Block: Shield            |    41 |    76 |   239 ||   356
